 Dungeon Crawl Stone Soup version 0.13-a0-2776-g5b28ffd (webtiles) character file.

5126 Kae the Covert (level 10, -5/44 HPs)
             Began as a Spriggan Enchanter on Aug 24, 2013.
             Was a Priest of Vehumet.
             Slain by a hill giant
             ... wielding a +0,+0 giant club
              (31 damage)
             ... on Level 10 of the Dungeon.
             The game lasted 00:25:36 (10753 turns).

Kae the Covert (Spriggan Enchanter)                Turns: 10753, Time: 00:25:36

HP  -5/44        AC  5     Str  8      XL: 10   Next: 24%
MP  18/29        EV 18     Int 18      God: Vehumet [***...]
Gold 308         SH  0     Dex 15      Spells:  3 memorised, 20 levels left

Res.Fire  : . . .   See Invis. : +   a - +1,+0 dagger {=f}
Res.Cold  : . . .   Warding    : .   b - +1 robe
Life Prot.: + . .   Conserve   : .   (shield restricted)
Res.Poison: +       Res.Corr.  : .   M - +0 cap
Res.Elec. : .       Clarity    : .   w - +1 cloak
Sust.Abil.: . .     Spirit.Shd : .   (gloves unavailable)
Res.Mut.  : .       Stasis     : .   (boots unavailable)
Res.Rott. : .       Flight     : .   (no amulet)
Saprovore : . . .                    H - ring of poison resistance
                                     s - ring of positive energy

@: very quick, quite resistant to hostile enchantments, extremely stealthy
A: unfitting armour, see invisible, herbivore 3, speed 3, slow metabolism 2, Str
+1, Dex -1
a: Renounce Religion


You were on level 10 of the Dungeon.
You worshipped Vehumet.
Vehumet was greatly pleased with you.
You were full.

You visited 2 branches of the dungeon, and saw 11 of its levels.

You collected 620 gold pieces.
You spent 332 gold pieces at shops.

Inventory:

Hand weapons
 a - a +1,+0 dagger (weapon) {=f}
 l - a +1,+1 dagger of speed
 p - a -1,-2 orcish dagger
 x - a +2,+3 orcish dagger
Missiles
 d - 66 darts (quivered)
 F - 2 steel darts
Armour
 b - a +1 robe (worn)
 w - a +1 cloak (worn)
 M - a +0 cap (worn)
Magical devices
 e - a wand of draining (12)
 K - a wand of cold (6)
Comestibles
 u - 6 bread rations
 B - a pear
Scrolls
 f - 3 scrolls of fog
 g - a scroll of blinking
 j - 8 scrolls of remove curse
 m - 3 scrolls of identify
 q - a scroll of enchant weapon I
 r - a scroll of silence
 v - a scroll of summoning
 y - 2 scrolls of teleportation
 z - 4 scrolls of amnesia
 C - a scroll of enchant armour
Jewellery
 s - a ring of positive energy (left hand)
 A - an uncursed ring of sustenance
 H - a ring of poison resistance (right hand)
 I - an uncursed ring of see invisible
Potions
 h - 2 potions of confusion {unknown}
 i - 9 potions of curing {unknown}
 n - 4 potions of heal wounds
 o - 2 potions of restore abilities
 D - a potion of brilliance {unknown}
 E - a potion of berserk rage
Books
 c - a book of Maledictions

   Spells                             Type                      Level
   *Corona                            Hexes                        1
   Sure Blade                         Hexes/Charms                 2
   *Ensorcelled Hibernation           Hexes/Ice                    2
   *Confuse                           Hexes                        3
   Enslavement                        Hexes                        4
   Invisibility                       Hexes                        6
 J - a book of Hinderance

   Spells                             Type                      Level
   Confusing Touch                    Hexes                        1
   Slow                               Hexes                        2
   *Confuse                           Hexes                        3
   Petrify                            Transmutation/Earth          4
   Leda's Liquefaction                Hexes/Earth                  4
   Metabolic Englaciation             Hexes/Ice                    6
Magical staves
 t - an uncursed staff of earth
Miscellaneous
 G - a bottled efreet


   Skills:
 * Level 10.3 Short Blades
 - Level 1.1 Throwing
 - Level 3.0 Dodging
 + Level 10.8 Stealth
 + Level 8.5 Spellcasting
 + Level 8.8 Hexes


You had 20 spell levels left.
You knew the following spells:

 Your Spells              Type           Power        Failure   Level  Hunger
a - Corona                Hex            #####..      1%          1    None
b - Ensorcelled Hibernat  Hex/Ice        ###...       1%          2    None
c - Confuse               Hex            #####...     1%          3    #......


Dungeon Overview and Level Annotations

Branches:
Dungeon (10/27)            Temple (1/1) D:6             Orc (0/4) D:8
   Lair: D:8-13

Altars:
Ashenzari
Cheibriados
Elyvilon
Fedhas
Kikubaaqudgha
Makhleb
Nemelex Xobeh
Okawaru
Sif Muna
Trog
Vehumet
Xom
Yredelemnul
Zin
the Shining One

Shops:
D:8 ?*

Annotations:
D:10 Joseph


Innate Abilities, Weirdness & Mutations

You are tiny and cannot use many weapons and most armour.
You have supernaturally acute eyesight.
You are a herbivore.
You cover ground extremely quickly.
You need consume almost no food.
Your muscles are strong, but stiff (Str +1, Dex -1).


Message History

Confirm with . or Enter, or press ? or * to list all spells.
Aiming: Confuse
Press: ? - help, Shift-Dir - straight line, f/p - hill giant
Aim: a hill giant, wielding a giant club The hill giant appears confused.
Casting: Confuse
Confirm with . or Enter, or press ? or * to list all spells.
Aiming: Ensorcelled Hibernation
Press: ? - help, Shift-Dir - straight line, f/p - hill giant
Aim: a hill giant, wielding a giant club (bewildered and confused)
The hill giant easily resists.
Casting: Ensorcelled Hibernation
Confirm with . or Enter, or press ? or * to list all spells.
Aiming: Ensorcelled Hibernation
Press: ? - help, Shift-Dir - straight line, f/p - hill giant
Aim: a hill giant, wielding a giant club (bewildered and confused)
The hill giant easily resists.
The hill giant hits you with a giant club!
Ouch! That really hurt!
You die...

....(###### ....
.....r######### ..###
.#............# ..$.#
...........# ..#.##+#. ...
#......%.# #............
#........#######............
#.............##.........#..
#.......).....##............
#..........@C...........#...
#........####...........#...
#....)......#...........#.^.
#....)%.....####........#...
#...........# #........#...
#...........# #####........
..............# #..##....
.......####...# #..##....
...... ...# #..###...


You could see a hill giant (confused).

Vanquished Creatures
  Grinder (D:6)
  A hungry ghost (D:10)
  Edmund (D:6)
  The ghost of crypto177 the Cudgeler, an average GrSk (D:3)
  2 necrophages
  An orc warrior (D:5)
  2 black bears
  An ice beast (D:10)
  4 ogres
  2 phantoms
  A sky beast (D:6)
  The ghost of Yermak the Ducker, an average SpWn of Okawaru (D:4)
  3 centaurs (D:7)
  Sigmund (D:6)
  Duvessa (D:6)
  A big kobold (D:9)
  4 giant frogs
  A human skeleton (D:2)
  A manticore zombie (D:7)
  A water moccasin (D:6)
  3 killer bees (D:9)
  5 wights (D:7)
  2 goliath beetles
  A centaur zombie (D:7)
  Dowan (D:6)
  6 crimson imps
  2 jellies
  A giant frog skeleton (D:8)
  A water moccasin zombie (D:8)
  7 hounds
  3 iguanas
  Crazy Yiuf (D:3)
  5 orc priests
  4 orc wizards
  6 worker ants
  Terence (D:2)
  7 gnolls
  9 adders
  A giant mite (D:7)
  An inept item mimic (D:6)
  An inept feature mimic (D:5)
  7 worms
  A scorpion zombie (D:7)
  2 giant eyeballs
  3 giant geckos
  An ooze (D:5)
  33 orcs
  16 bats
  12 goblins
  20 hobgoblins
  15 jackals
  21 kobolds
  2 quokkas
  6 giant cockroaches
  A giant gecko skeleton (D:4)
  4 giant newts
  2 gnoll skeletons
  A kobold zombie (D:2)
  An orc skeleton (D:6)
  An orc zombie (D:8)
  13 rats
  2 rat skeletons
  9 ballistomycetes (D:7)
272 creatures vanquished.

Vanquished Creatures (others)
  A giant spore (D:7)
1 creature vanquished.

Grand Total: 273 creatures vanquished

Notes
Turn   | Place    | Note
--------------------------------------------------------------
     0 | D:1      | Kae, the Spriggan Enchanter, began the quest for the Orb.
     0 | D:1      | Reached XP level 1. HP: 9/9 MP: 4/4
   560 | D:1      | Reached XP level 2. HP: 8/13 MP: 6/6
   564 | D:1      | Learned a level 2 spell: Ensorcelled Hibernation
  1195 | D:2      | Reached skill level 4 in Hexes
  1212 | D:2      | Reached XP level 3. HP: 16/16 MP: 7/9
  1442 | D:2      | Noticed a human skeleton
  1445 | D:2      | Found a basalt altar of Yredelemnul.
  1462 | D:2      | Killed a human skeleton
  1462 | D:2      | Reached XP level 4. HP: 15/21 MP: 10/12
  1658 | D:2      | Reached XP level 5. HP: 13/24 MP: 2/15
  2062 | D:2      | Reached skill level 5 in Stealth
  2206 | D:2      | Noticed Terence
  2219 | D:2      | Killed Terence
  2396 | D:3      | Noticed a phantom
  2396 | D:3      | Noticed a wyvern
  2923 | D:3      | Noticed crypto177's ghost (average GrSk)
  2935 | D:3      | Learned a level 3 spell: Confuse
  3049 | D:3      | Killed crypto177's ghost
  3049 | D:3      | Reached skill level 5 in Hexes
  3049 | D:3      | Reached XP level 6. HP: 11/28 MP: 1/19
  3305 | D:3      | Noticed Crazy Yiuf
  3310 | D:3      | Killed Crazy Yiuf
  3582 | D:4      | Reached skill level 6 in Stealth
  3745 | D:4      | Reached skill level 5 in Short Blades
  3745 | D:4      | Reached XP level 7. HP: 32/32 MP: 21/21
  4344 | D:4      | Noticed Yermak's ghost (average SpWn)
  4356 | D:4      | Killed Yermak's ghost
  4516 | D:4      | Reached skill level 5 in Spellcasting
  4655 | D:5      | Entered Level 5 of the Dungeon
  4759 | D:5      | Reached skill level 7 in Stealth
  4989 | D:5      | Found a blossoming altar of Fedhas.
  5093 | D:5      | Reached XP level 8. HP: 32/36 MP: 20/23
  5121 | D:5      | Found an ancient bone altar of Kikubaaqudgha.
  6312 | D:6      | Reached skill level 8 in Stealth
  6416 | D:6      | Noticed Grinder
  6465 | D:6      | Killed Grinder
  6554 | D:6      | Noticed Edmund
  6561 | D:6      | Killed Edmund
  6590 | D:6      | Noticed Sigmund
  6624 | D:6      | Noticed Duvessa
  6626 | D:6      | Found a staircase to the Ecumenical Temple.
  6631 | D:6      | Killed Sigmund
  6631 | D:6      | Reached XP level 9. HP: 39/39 MP: 26/26
  6636 | D:6      | Noticed Dowan
  6645 | D:6      | Killed Dowan
  6697 | D:6      | Killed Duvessa
  6697 | D:6      | Reached skill level 9 in Stealth
  6887 | Temple   | Entered the Ecumenical Temple
  7173 | Temple   | Became a worshipper of Vehumet
  7310 | D:7      | Paralysed by a giant eyeball for 2 turns
  7314 | D:7      | Paralysed by a giant eyeball for 4 turns
  8191 | D:7      | Acquired Vehumet's first power
  8191 | D:7      | Offered knowledge of Freeze by Vehumet.
  8888 | D:7      | Found a blossoming altar of Fedhas.
  8978 | D:7      | Reached skill level 10 in Stealth
  9084 | D:8      | Found Jerghed's Assorted Antiques.
  9124 | D:8      | Bought a scroll labeled ZENESA CHA HUM for 20 gold pieces
  9124 | D:8      | Bought a bubbling green potion for 18 gold pieces
  9171 | D:8      | Gained mutation: Your muscles are strong, but stiff (Str +1, Dex -1). [potion of beneficial mutation]
  9351 | D:8      | Found Maklarruhum's Magic Scroll Emporium.
  9358 | D:8      | Offered knowledge of Shock by Vehumet.
  9382 | D:8      | Bought a scroll of blinking for 66 gold pieces
  9382 | D:8      | Bought a scroll of silence for 90 gold pieces
  9382 | D:8      | Bought a scroll of summoning for 114 gold pieces
  9382 | D:8      | Bought a scroll of identify for 24 gold pieces
  9393 | D:8      | Found a staircase to the Orcish Mines.
  9668 | D:9      | Reached XP level 10. HP: 40/44 MP: 25/29
 10043 | D:9      | Reached skill level 10 in Short Blades
 10187 | D:9      | Offered knowledge of Throw Frost by Vehumet.
 10191 | D:9      | Found a shattered altar of Ashenzari.
 10277 | D:9      | Acquired Vehumet's second power
 10424 | D:10     | Entered Level 10 of the Dungeon
 10424 | D:10     | Noticed Joseph
 10424 | D:10     | Noticed a hill giant
 10753 | D:10     | Slain by a hill giant

Action                   |  1- 3 |  4- 6 |  7- 9 | 10-12 || total
-------------------------+-------+-------+-------+-------++-------
Melee: Dagger            |   147 |   189 |   586 |    89 ||  1011
Throw: Dart              |       |    11 |       |       ||    11
 Cast: Corona            |     3 |     2 |     1 |       ||     6
       Ensorcelled Hiber |     6 |    40 |   107 |    52 ||   205
       Confuse           |       |     8 |    54 |     9 ||    71
Evoke: Wand              |       |       |       |     2 ||     2
  Use: Potion            |       |     1 |     8 |       ||     9
       Scroll            |       |       |    19 |     2 ||    21
 Stab: Sleeping          |    11 |    35 |    90 |    31 ||   167
       Distracted        |     1 |       |     1 |       ||     2
       Confused          |       |     3 |    19 |     5 ||    27
